 Dungeon Sprint DCSS version 0.32-a0-585-gef4fe23122 (webtiles) character file.

Game seed: 5944233895829850739

2808 Revguard the Carver (level 9, -6/53 HPs)
             Began as a Vine Stalker Gladiator on Mar 2, 2024.
             Was a Believer of Jiyva.
             Hit by a large rock thrown by a cyclops (20 damage)
             ... in the Dungeon (Sprint V: "Ziggurat Sprint").
             The game lasted 00:04:57 (339 turns).

Revguard the Carver (Vine Stalker Gladiator)         Turns: 339, Time: 00:04:58

Health: -6/53      AC: 23    Str: 23    XL:     9   Next: 72%
Magic:  0/10       EV:  9    Int:  8    God:    Jiyva [**....]
Gold:   0          SH:  0    Dex: 26    Spells: 8/8 levels left

rFire   + . .        H - +8 autumn katana {manifold assault}
rCold   + . .        (no shield)
rNeg    . . .        D - +5 gold dragon scales
rPois   +            c - +0 helmet
rElec   .            (no cloak)
rCorr   +            (no gloves)
SInv    .            (no boots)
Will    +....        I - amulet of magic regeneration Stlth
                     w - +6 ring of dexterity
HPRegen 2.04/turn    A - +6 ring of strength
MPRegen 1.00/turn

%: no teleportation, guardian spirit
@: no status effects
A: fangs 3, regeneration 1, magic shield, antimagic bite, no potion heal 2
a: Renounce Religion


You were in the Dungeon.
You worshipped Jiyva.
Jiyva was pleased with you.
You visited 1 branch

Inventory:

Hand Weapons
 a - a +0 long sword
 C - the +11 Singing Sword {sonic wave}
   (You found it in the Dungeon)
 H - the +8 autumn katana (weapon) {manifold assault}
   (You found it in the Dungeon)
Missiles
 d - 3 throwing nets (quivered)
 e - a javelin
Armour
 b - a +0 leather armour
 c - a +0 helmet (worn)
 D - +5 gold dragon scales (worn)
Jewellery
 v - a ring of flight
 w - a +6 ring of dexterity (left hand)
 x - a +6 ring of dexterity
 y - a +6 ring of intelligence
 z - a +6 ring of intelligence
 A - a +6 ring of strength (right hand)
 B - a +6 ring of strength
 I - an amulet of magic regeneration (around neck)
Wands
 t - a wand of mindburst (7)
 u - a wand of quicksilver (4)
 G - a wand of digging (5)
Scrolls
 j - 3 scrolls of blinking
 n - 4 scrolls of enchant weapon
 p - 4 scrolls of amnesia
 q - 7 scrolls of fog
 r - 5 scrolls of identify
 s - 2 scrolls of fear
Potions
 f - 10 potions of curing
 g - 6 potions of haste
 h - 7 potions of magic
 i - 3 potions of berserk rage
 k - 2 potions of brilliance
 l - 2 potions of invisibility
 m - 4 potions of resistance
 o - 6 potions of might
Miscellaneous
 E - a lightning rod (3/4)
 F - a phial of floods


   Skills:
 + Level 9.3 Fighting
 + Level 9.5 Long Blades
 - Level 1.7 Throwing
 + Level 8.7 Armour
 + Level 8.7 Dodging
 + Level 9.0 Evocations


You had 8 spell levels left.
You didn't know any spells.
Your spell library contained the following spells:

 Spells                   Type           Power      Damage    Failure   Level
 Kiss of Death            Conj/Necr      0%         2d5       100%        1
 Necrotise                Necr           0%         1d4       100%        1
 Jinxbite                 Hex            0%         N/A       100%        2
 Frozen Ramparts          Ice            0%         1d1       100%        3
 Cause Fear               Hex            0%         N/A       100%        4
 Leda's Liquefaction      Alch/Erth      0%         N/A       100%        4
 Petrify                  Alch/Erth      0%         N/A       100%        4
 Curse of Agony           Necr           0%         N/A       100%        5
 Freezing Cloud           Conj/Ice/Air   0%         6-21      100%        5
 Metabolic Englaciation   Hex/Ice        0%         N/A       100%        5
 Haunt                    Necr/Summ      0%         N/A       100%        7
 Borgnjor's Revivificati  Necr           0%         N/A       100%        8
 Death's Door             Necr           0%         N/A       100%        9


Dungeon Overview and Level Annotations

Branches:
Dungeon (1/1)

Altars:
Ashenzari
Cheibriados
Dithmenos
Elyvilon
Fedhas
Gozag
Hepliaklqana
Kikubaaqudgha
Makhleb
Nemelex Xobeh
Okawaru
Qazlal
Ru
Sif Muna
Trog
Uskayaw
Vehumet
Wu Jian
Xom
Yredelemnul
Zin
The Shining One
Beogh
Jiyva
Lugonu

Annotations:
D 1 transporter


Innate Abilities, Weirdness & Mutations

You have razor-sharp teeth.
Your natural rate of healing is unusually fast.
When hurt, damage is shared between your health and your magic reserves.
Your bite disrupts and absorbs the magic of your enemies.
Potions cannot restore your health.


Message History

You hear a splash.
The merfolk hits you but does no damage.
The merfolk completely misses you.
You feel the corruption within you wane completely.
You feel clever.
You feel robust.
Blink to where?
Press: ? - help, Dir - move target
As you read the scroll of blinking, it crumbles to dust.
The cyclops throws a large rock.
The large rock barely misses you.
Aiming: Thunderbolt
Press: ? - help, Shift-Dir - straight line, f - merfolk
Aim: a merfolk, wielding a +0 trident (severely wounded)
The thunderbolt hits the merfolk!
The merfolk is almost dead.
The thunderbolt hits the merfolk!!
You kill the merfolk!
You hear a splash.
Your lightning rod (4/4) has regained one charge.
Your Evocations skill increases to level 9!
Aiming: Thunderbolt
Press: ? - help, Shift-Dir - straight line, f - merfolk
Aim: a merfolk, wielding a +0 trident (heavily wounded)
The thunderbolt hits the merfolk.
The merfolk is almost dead.
The thunderbolt hits the merfolk!!
The merfolk is severely wounded.
The thunderbolt hits the merfolk!!
The merfolk is almost dead.
Aiming: Quicksilver Bolt
Press: ? - help, Shift-Dir - straight line, f - cyclops, p - merfolk
Aim: a cyclops, quivering large rocks (moderately wounded, 98% to hit)
The bolt of dispelling energy hits the merfolk!!
You kill the merfolk!
The bolt of dispelling energy hits the cyclops!
The cyclops is heavily wounded.
The merfolk throws a boomerang.
The boomerang hits you.
* * * LOW HITPOINT WARNING * * *
The cyclops throws a large rock.
The large rock hits you!!
You die...
Jiyva sends a jelly to digest your remains.

▓..ß©ß...▓..ß©ß...▓
▓........▓..||[...▓
▓........▓..).....▓
▓........▓........▓
▓..))....▓...†....▓
▓.▓..).▓.▓.▓†...▓.▓
▓...©....▓...©....▓
▓▓▓▓▓▓▓▓▓▓▓▓▓▓▓▓▓▓▓
▓...ß©ß..@▓..ß©ß..▓
▓../|?[...▓..|))..▓
▓...:|).).▓..)))..▓
▓....mm...▓.......▓
▓....)....▓.......▓
▓....†C...▓..)....▓
▓.........▓...†...▓
▓....(....▓.▓...▓.▓
▓....©....▓...©...▓


You could see 2 merfolk and a cyclops.

Vanquished Creatures
  A wretched star (D)
  A deep elf archer (D)
  A deep elf pyromancer (D)
  A tarantella (D)
  A wind drake (D)
  2 merfolk (D)
  A spriggan (D)
  A hell hound (D)
  A laughing skull (D)
  2 black bears (D)
  A centaur (D)
  4 wolves (D)
  4 scorpions (D)
  A crimson imp (D)
  An orc priest (D)
  2 iguanas (D)
  2 white imps (D)
  An ufetubus (D)
  3 orcs (D)
  A jackal (D)
  A ball python skeleton (D)
33 creatures vanquished.

Vanquished Creatures (others)
  2 shard shrikes (shapeshifter) (D)
  A titan (shapeshifter) (D)
  6 rockslimes (shapeshifter) (D)
  A glowing orange brain (shapeshifter) (D)
  2 manticores (shapeshifter) (D)
  An elephant (shapeshifter) (D)
  A guardian serpent (shapeshifter) (D)
  A meliai (shapeshifter) (D)
  A black mamba (shapeshifter) (D)
  A torpor snail (shapeshifter) (D)
  2 water nymphs (shapeshifter) (D)
  2 eyes of devastation (shapeshifter) (D)
  A cane toad (shapeshifter) (D)
  A queen bee (shapeshifter) (D)
  A polar bear (shapeshifter) (D)
  A dream sheep (shapeshifter) (D)
  A slime creature (shapeshifter) (D)
  A culicivora (shapeshifter) (D)
  A basilisk (shapeshifter) (D)
  2 redbacks (shapeshifter) (D)
  An acid dragon (shapeshifter) (D)
  3 jellies (D)
  A ribbon worm (shapeshifter) (D)
  A bat skeleton (D)
36 creatures vanquished.

Grand Total: 69 creatures vanquished

Notes
Turn   | Place    | Note
-------+----------+-------------------------------------------
     0 | D        | Revguard the Vine Stalker Gladiator began the quest for the
                  | Orb.
     0 | D        | Reached XP level 1. HP: 11/11 MP: 2/2
     0 | D        | Found a shimmering blue altar of Sif Muna.
     0 | D        | Found a bloodstained altar of Trog.
     0 | D        | Found a sacrificial altar of Ru.
     0 | D        | Found a stormy altar of Qazlal.
     0 | D        | Found an iron altar of Okawaru.
     1 | D        | Found a sparkling altar of Nemelex Xobeh.
     1 | D        | Found a blossoming altar of Fedhas.
     1 | D        | Found the +6 Majin-Bo {spellvamp, MP+6 Int+6}
     1 | D        | Found the +27 heavy crossbow "Sniper" {heavy, Acc+∞ SInv}
     1 | D        | Found the +10 dark maul {heavy}
     1 | D        | Found the +15 Maxwell's patent armour {-Cast -Tele rElec
                  | Will+ rCorr}
     1 | D        | Found the +18 shield of the Gong {Loud rN+ Will+ rCorr
                  | EV-5}
     1 | D        | Found the +16 obsidian axe {drain, demonic, Mesm ^Drain Fly
                  | SInv}
     1 | D        | Found the +7 great mace "Firestarter" {flame, immolate,
                  | rFlCloud rF++}
     1 | D        | Found the +6 shillelagh "Devastator" {shatter}
     1 | D        | Found the +11 plutonium sword {^Contam Stlth-}
     1 | D        | Found the +8 lance "Wyrmbane" {slay drac, rPois rF+ rC+
                  | AC+3}
     1 | D        | Found the +9 sword of Zonguldrok {reap}
     1 | D        | Found the +13 scythe of Curses {drain, curses, ^Drain}
     1 | D        | Found the +9 sword of Power {lifebolt}
     1 | D        | Found the +7 mace of Variability {chaos, chaos arc}
     1 | D        | Found the +11 Singing Sword {sonic wave}
     1 | D        | Found the +8 storm bow {elec, penet}
     3 | D        | Found a transporter.
     3 | D        | Found an ancient bone altar of Kikubaaqudgha.
     3 | D        | Found a viscous altar of Jiyva.
     3 | D        | Found a corrupted altar of Lugonu.
     3 | D        | Found a hazy altar of Hepliaklqana.
     3 | D        | Found a burning altar of Makhleb.
     3 | D        | Found an opulent altar of Gozag.
    27 | D        | Became a worshipper of Jiyva Jilunorc the Shapeless
    27 | D        | Killed a basilisk
    28 | D        | Killed a rockslime
    28 | D        | Killed a meliai
    29 | D        | Killed a rockslime
    29 | D        | Killed an acid dragon
    31 | D        | Killed a shard shrike
    31 | D        | Killed a rockslime
    31 | D        | Killed an eye of devastation
    33 | D        | Killed a rockslime
    34 | D        | Killed a slime creature
    34 | D        | Killed a rockslime
    35 | D        | Killed a culicivora
    36 | D        | Killed a polar bear
    36 | D        | Killed a glowing orange brain
    36 | D        | Killed a manticore
    37 | D        | Killed a rockslime
    39 | D        | Killed a manticore
    39 | D        | Killed an eye of devastation
    41 | D        | Killed a redback
    42 | D        | Killed a water nymph
    44 | D        | Killed a guardian serpent
    44 | D        | Killed a torpor snail
    44 | D        | Killed a water nymph
    45 | D        | Killed a queen bee
    45 | D        | Killed a redback
    49 | D        | Killed a shard shrike
    49 | D        | Killed a black mamba
    51 | D        | Killed a cane toad
    56 | D        | Reached XP level 2. HP: 16/16 MP: 3/3
    62 | D        | Killed an elephant
    64 | D        | Entered arena 2.
    64 | D        | Noticed a hell hound
    64 | D        | Killed a titan
    64 | D        | Found a transporter.
    69 | D        | Killed a hell hound
    70 | D        | Reached XP level 3. HP: 19/21 MP: 4/4
    70 | D        | Reached XP level 4. HP: 23/26 MP: 5/5
    78 | D        | Entered arena 3.
    78 | D        | Noticed a deep elf archer
    78 | D        | Noticed a deep elf pyromancer
    78 | D        | Found a transporter.
    79 | D        | Killed a deep elf pyromancer
    80 | D        | Reached skill level 5 in Fighting
    80 | D        | Reached skill level 5 in Long Blades
    80 | D        | Reached skill level 5 in Armour
    80 | D        | Reached skill level 5 in Dodging
    80 | D        | Reached skill level 5 in Evocations
    80 | D        | Reached XP level 5. HP: 27/30 MP: 4/6
    80 | D        | Reached XP level 6. HP: 32/35 MP: 4/7
    94 | D        | Killed a deep elf archer
    95 | D        | Reached XP level 7. HP: 31/40 MP: 8/8
   103 | D        | Entered arena 4.
   103 | D        | Found a transporter.
   105 | D        | Killed a dream sheep
   119 | D        | Got the Directory of the Fair Folk and Arcane Combat
   122 | D        | Entered arena 5.
   122 | D        | Found the +8 autumn katana {manifold assault}
   122 | D        | Reached * piety under Jiyva
   122 | D        | Found a transporter.
   134 | D        | Got the Discourse on Stolen Souls
   147 | D        | Entered arena 6.
   147 | D        | Noticed a tarantella
   147 | D        | Found a transporter.
   150 | D        | Killed a tarantella
   151 | D        | Gained mutation: You have razor-sharp teeth. [Vine Stalker
                  | growth]
   151 | D        | Reached XP level 8. HP: 46/46 MP: 9/9
   161 | D        | Entered arena 7.
   161 | D        | Noticed a spriggan
   161 | D        | Reached ** piety under Jiyva
   162 | D        | Found a transporter.
   167 | D        | Killed a spriggan
   183 | D        | Reached XP level 9. HP: 48/51 MP: 10/10
   289 | D        | Entered arena 8.
   289 | D        | Noticed a wretched star
   290 | D        | Found a transporter.
   307 | D        | Killed a wretched star
   325 | D        | Entered arena 9.
   325 | D        | Noticed a merfolk
   325 | D        | Noticed a merfolk
   325 | D        | Noticed a merfolk
   325 | D        | Noticed a merfolk
   325 | D        | Noticed a cyclops
   325 | D        | Noticed a wind drake
   326 | D        | Found a transporter.
   332 | D        | Killed a wind drake
   337 | D        | Killed a merfolk
   339 | D        | Killed a merfolk
   339 | D        | Hit by a large rock thrown by a cyclops

Illustrated notes

Levels and vault maps discovered:
D:        sprint_v [room_start, room_1, room_2, room_3, room_4, room_5, room_6,
          room_7, room_8, room_9, room_10, room_11, room_12, room_13, room_14,
          room_15, room_16, room_17, room_18, room_19, room_20, room_21,
          room_22, room_23, room_24, room_25, room_26, room_27]

Skill      XL: |  1  2  3  4  5  6  7  8  9 |
---------------+----------------------------+-----
Fighting       | 3 4 5 6 7 8 9 |  9.3
Long Blades    | 3 4 5 6 7 8 9 |  9.5
Armour         | 3 4 5 6 7 8 |  8.7
Dodging        | 3 4 5 6 7 8 |  8.7
Evocations     | 2 3 5 7 9 |  9.0
Throwing       | |  1.7

Action                     |  1- 3 |  4- 6 |  7- 9 || total
---------------------------+-------+-------+-------++-------
  Melee: Double sword      |     4 |     6 |    12 ||    22
         Bite              |     1 |     1 |    17 ||    19
         Katana            |       |       |    64 ||    64
  Evoke: Wand              |       |       |     3 ||     3
         Lightning rod     |       |       |     3 ||     3
    Use: Potion            |     1 |       |       ||     1
         Scroll            |       |       |     1 ||     1
 Armour: Gold dragon scale |    17 |     5 |    88 ||   110
  Dodge: Dodged            |       |     3 |    45 ||    48

Table legend: (Time is in decaauts)
 A = Elapsed time spent in this place.
 B = Non-inter-level travel time spent in this place.
 C = Inter-level travel time spent in this place.
 D = Time resting spent in this place.
 E = Time spent auto-exploring this place.
 F = Levels seen in this place.
 G = Mean time per level.
                   A        B        C        D        E       F      G
               +--------+--------+--------+--------+--------+-----+--------+
         Total |    332 |    332 |      0 |    102 |      0 |   1 |  332.0 |
       Dungeon |    332 |    332 |      0 |    102 |      0 |   1 |  332.0 |
               +--------+--------+--------+--------+--------+-----+--------+

Top non-repeatable levels by time:
       D: 332 daAuts
